AoeStats
← Ux'RaúlME

African Clearing

506305791Analyzed
4v4 RM · 20d ago on Sep 13, 2026· 33m 12s· 8 players
Game mode
Random Map
Map size
Large (8 player)
Population
200
Speed
Normal
Resources
Standard
Victory
Conquest
Starting age
Dark Age
Ending age
Imperial Age
RankedLock teamsTeams togetherTeam positionsShared explorationLock speedFull tech treeHidden civsTurbo modeCheats
Victory
Defeat
🇦🇷 Persians · Argentina
1363
+13
🇦🇷 Britons · Argentina
1316
+15
🇦🇷 Vikings · Argentina
1297
+16
🇦🇷 Magyars · Argentina
1198
+19
🇦🇷 Khitans · Argentina
1363
-19
🇲🇽 Mongols · Mexico
1293
-16
🇨🇳 Shu · China
1253
-14
🇲🇽 Persians · Mexico
1243
-14
RoseJaguar3606
9:34 Loom
13:18 Feudal Age
21:30 Double-Bit Axe
25:28 Horse Collar
27:59 Castle Age
30:49 Bow Saw
35:17 Imperial Age
PerSe01
3:09 Loom
13:21 Feudal Age
14:15 Double-Bit Axe
18:00 Fletching
24:29 Padded Archer Armor
30:30 Castle Age
29:09 Gold Mining
30:36 Crossbowman
31:22 Thumb Ring
32:24 Bodkin Arrow
32:57 Ballistics
kindAAAAAAAA
3:25 Loom
13:11 Feudal Age
23:27 Castle Age
21:43 Fletching
22:54 Double-Bit Axe
felixaleman1010
9:38 Loom
12:04 Feudal Age
13:50 Double-Bit Axe
17:50 Scale Barding Armor
19:03 Forging
23:53 Wheelbarrow
30:48 Castle Age
Ux'RaulitoMD
3:23 Loom
14:18 Feudal Age
14:42 Double-Bit Axe
18:20 Scale Mail Armor
18:30 Forging
19:39 Fletching
23:33 Padded Archer Armor
27:25 Horse Collar
30:24 Castle Age
29:02 Stone Mining
29:06 Gold Mining
30:39 Arson
30:56 Squires
31:10 Elite Skirmisher
32:00 Pikeman
Ux'RaúlME
4:23 Loom
14:06 Feudal Age
18:10 Castle Age
17:36 Scale Mail Armor
19:11 Forging
19:20 Town Watch
30:57 Fletching
31:09 Padded Archer Armor
33:05 Bodkin Arrow
33min
6:57 Loom
16:20 Feudal Age
21:55 Castle Age
[KoA]M4GNO
6:57 Loom
12:27 Feudal Age
13:07 Double-Bit Axe
13:17 Domestication
25:09 Scale Barding Armor
Connection lost

Rejoining the realm…

Still unreachable

The connection could not be restored.

Session expired

The server has moved on; the page needs a fresh start.